AoeStats
← Z

Arabia

503518963Analyzed
1v1 RM · 1mo ago on Sep 1, 2026· 30m 5s· 2 players
Game mode
Random Map
Map size
Tiny (2 player)
Population
200
Speed
Normal
Resources
Standard
Victory
Conquest
Starting age
Dark Age
Ending age
Imperial Age
RankedLock teamsTeams togetherTeam positionsShared explorationLock speedFull tech treeHidden civsTurbo modeCheats
Victory
Defeat
🇨🇳 Maya · China
1600
+12
🇧🇷 Jurchens · Brazil
1506
-12
Anaksunamun
7:09 Loom
9:44 Feudal Age
10:21 Double-Bit Axe
17:04 Fletching
18:16 Padded Archer Armor
21:34 Castle Age
20:09 Scale Barding Armor
20:46 Horse Collar
21:28 Bloodlines
22:38 Bow Saw
22:35 Bodkin Arrow
22:07 Elite Skirmisher
24:38 Light Cavalry
25:27 Gold Mining
28:03 Chain Barding Armor
28:49 Ballistics
Z
0:27 Loom
9:14 Feudal Age
9:47 Double-Bit Axe
9:52 Horse Collar
15:14 Wheelbarrow
17:52 Fletching
22:23 Castle Age
20:41 Gold Mining
21:18 Scale Mail Armor
22:09 Padded Archer Armor
22:26 Crossbowman
23:18 Bow Saw
23:17 Eagle Warrior
29:12 Squires
Connection lost

Rejoining the realm…

Still unreachable

The connection could not be restored.

Session expired

The server has moved on; the page needs a fresh start.